 Dungeon Crawl Stone Soup version 0.29-a0-529-gfa20dd96a1 (webtiles) character file.

Game seed: 9010649790069849352

35 Mgcat the Covered (level 3, -1/1 (33) HPs)
             Began as a Meteoran Fighter on June 1, 2022.
             Slain by a hobgoblin (2 damage)
             ... on level 2 of the Dungeon.
             The game lasted 00:02:02 (984 turns).

Mgcat the Covered (Meteoran Fighter)                 Turns: 984, Time: 00:02:03

HP:   -1/1 (33)     AC:  7    Str: 19    XL:     3   Next: 76%
MP:   4/4           EV:  9    Int:  9    God:
Gold: 40            SH:  5    Dex: 14    Spells: 2/2 levels left

rFire   . . .      SeeInvis .   a - +0 war axe
rCold   . . .      Faith    .   c - +0 buckler
rNeg    . . .      Spirit   .   b - +0 scale mail
rPois   .          Reflect  .   (no helmet)
rElec   .          Harm     .   (no cloak)
rCorr   .          Rampage  .   (no gloves)
Will    .....                   (no boots)
Stlth   ..........              (no amulet)
HPRegen 0.01/turn               (no ring)
MPRegen 0.09/turn               (no ring)

@: glowing, extremely drained
A: sense surroundings 1, otherworldly, glowing, explore regen
a: no special abilities


You were on level 2 of the Dungeon.
You visited 1 branch of the dungeon, and saw 2 of its levels.

You collected 40 gold pieces.

Inventory:

Hand Weapons
 a - a +0 war axe (weapon)
Armour
 b - a +0 scale mail (worn)
 c - a +0 buckler (worn)
Scrolls
 e - a scroll of identify {unknown}
 g - a scroll of teleportation {unknown}
 i - a scroll of vulnerability {unknown}
Potions
 d - a potion of might
 f - a potion of degeneration {unknown}
 h - a potion of brilliance {unknown}


   Skills:
 + Level 3.6 Fighting
 + Level 3.0 Axes
 + Level 4.1 Armour
 + Level 4.1 Shields


You had 2 spell levels left.
You didn't know any spells.
Your spell library was empty.

Dungeon Overview and Level Annotations

Branches:
Dungeon (2/15)

Altars:


Innate Abilities, Weirdness & Mutations

You passively map a small area around you.
You are easily found by Zot.
You glow in the dark.
You regain HP and MP as you explore.


Message History

You block the jackal's attack.
You take 3 damage, and have 14/21 hp.
You are too injured to fight recklessly!
You are too injured to fight recklessly!
You are too injured to fight recklessly!
You are too injured to fight recklessly!
You are too injured to fight recklessly!
You miss the jackal.
The jackal is heavily wounded.
You barely miss the kobold. You barely miss the jackal.
The jackal barely misses you. The jackal closely misses you.
The kobold hits you with a +0 dagger. The jackal closely misses you.
You block the jackal's attack.
You take 2 damage, and have 12/21 hp.
You closely miss the jackal.
The jackal is heavily wounded.
You slash the jackal!
You kill the jackal!
You barely miss the kobold. The jackal barely misses you.
The kobold closely misses you.
The jackal bites you but does no damage.
You block the jackal's attack. The kobold barely misses you.
The jackal misses you.
You hit the jackal.
You kill the jackal!
You barely miss the kobold. You hit the jackal but do no damage.
You block the jackal's attack. The kobold hits you with a +0 dagger.
You take 2 damage, and have 10/21 hp.
You hit the jackal.
The jackal is almost dead.
You hit the kobold.
You kill the kobold!
You block the jackal's attack. The jackal bites you.
The jackal bites you but does no damage.
The jackal completely misses you.
Things that are here:
a +0 dagger; a stone; a kobold corpse You hit the jackal.
You kill the jackal!
Really rest while Zot is near? [Y]es or [N]o only, please.
Really rest while Zot is near?
Okay, then.
Unknown command.
Zot draws nearer.
Dive deeper or flee this branch before you suffer!
Zot has nearly found you. suffering is approaching.
Descend or flee this branch!
You regained 3 hp, and now have 14/22 hp.
Unknown command.
Unknown command.
Unknown command.
Unknown command.
Unknown command.
Zot's power touches on you...
You feel drained.
You take 5 damage, and have 9/9 hp.
MASSIVE DAMAGE!!
Unknown command.
Unknown command.
Unknown command.
You open the door.
There is an open door here.
There is an open door here.
Done exploring.
Done exploring.
Done exploring.
Done exploring.
Done exploring.
Done exploring.
Done exploring.
Done exploring.
Done exploring.
Done exploring.
There is a stone staircase leading down here.
You start waiting.
You have lingered too long.
Zot senses you.
Dive deeper or flee this branch before you suffer!
Really rest while Zot is near?
Okay, then.
Really rest while Zot is near?
Okay, then.
Really rest while Zot is near?
Okay, then.
Really rest while Zot is near?
Okay, then.
Really rest while Zot is near?
Okay, then.
Really rest while Zot is near?
You start waiting.
Zot draws nearer.
Dive deeper or flee this branch before you suffer!
Really rest while Zot is near?
You start waiting.
Zot has nearly found you. suffering is approaching.
Descend or flee this branch!
Zot's power touches on you...
You feel drained.
You take 8 damage, and have 1/1 hp.
MASSIVE DAMAGE!!
There is a stone staircase leading down here.
You climb downwards.
There is a stone staircase leading up here.
A hobgoblin comes into view.
The hobgoblin shouts!
You block the hobgoblin's attack.
You closely miss the hobgoblin. The hobgoblin hits you.
Ouch! That really hurt!
You die...

, , ... *#.# # *
, #.# .# * ##
#.##. ,, *, * #.
...., * *
*,###.###..
,#.....#.#
#.#.....#<# ,,
#.....g@..# , *
,
###.....#......#
, #....$#.#....#
*, *
#######.###..#
** #.# .# , #..
, # ... * * ###
*, *


You could see a hobgoblin.

Vanquished Creatures
  2 dart slugs (D:1)
  A bat (D:1)
  A giant cockroach (D:1)
  3 goblins (D:1)
  4 hobgoblins (D:1)
  5 jackals (D:1)
  2 ball pythons (D:1)
  2 frilled lizards (D:1)
  5 kobolds (D:1)
  5 rats (D:1)
30 creatures vanquished.

Notes
Turn   | Place    | Note
-------+----------+-------------------------------------------
     0 | D:1      | Mgcat the Meteoran Fighter began the quest for the Orb.
     0 | D:1      | Reached XP level 1. HP: 19/19 MP: 2/2
    42 | D:1      | Reached XP level 2. HP: 20/26 MP: 3/3
   251 | D:1      | Reached XP level 3. HP: 31/31 MP: 4/4
   294 | D:1      | Reached skill level 4 in Armour
   331 | D:1      | Reached skill level 4 in Shields
   354 | D:1      | Reached skill level 3 in Axes
   478 | D:1      | Glimpsed the power of Zot.
   528 | D:1      | Glimpsed the power of Zot.
   567 | D:1      | Glimpsed the power of Zot.
   576 | D:1      | Glimpsed the power of Zot.
   577 | D:1      | Touched by the power of Zot.
   678 | D:1      | Glimpsed the power of Zot.
   723 | D:1      | Glimpsed the power of Zot.
   763 | D:1      | Glimpsed the power of Zot.
   772 | D:1      | Glimpsed the power of Zot.
   773 | D:1      | Touched by the power of Zot.
   874 | D:1      | Glimpsed the power of Zot.
   924 | D:1      | Glimpsed the power of Zot.
   964 | D:1      | Glimpsed the power of Zot.
   973 | D:1      | Touched by the power of Zot.
   984 | D:2      | Slain by a hobgoblin

Illustrated notes

Levels and vault maps discovered:
D:1:      zelgadis_glass_arrival_small, layout_basic, serial_glass,
          glass_columns_a, glass_columns_a
D:2:      layout_loops_cross, chequers_ecumenical_altar_simple_redux,
          minmay_misc_feat_pillars

Skill      XL: |  1  2  3 |
---------------+----------+-----
Armour         | 4 |  4.1
Shields        | 4 |  4.1
Axes           | 3 |  3.0
Fighting       | |  3.6

Action                   || total
-------------------------++-------
Melee: War axe           ||    66
Armor: Scale mail        ||    43
Dodge: Dodged            ||    38
Block: Buckler           ||    21

Table legend: (Time is in decaauts)
 A = Elapsed time spent in this place.
 B = Non-inter-level travel time spent in this place.
 C = Inter-level travel time spent in this place.
 D = Time resting spent in this place.
 E = Time spent auto-exploring this place.
 F = Levels seen in this place.
 G = Mean time per level.
                   A        B        C        D        E       F      G
               +--------+--------+--------+--------+--------+-----+--------+
         Total |   1010 |   1010 |      0 |    262 |    557 |   2 |  505.0 |
       Dungeon |   1010 |   1010 |      0 |    262 |    557 |   2 |  505.0 |
               +--------+--------+--------+--------+--------+-----+--------+

Top non-repeatable levels by time:
     D:1: 1006 daAuts
     D:2: 3 daAuts

Table legend:
 A = Kills in this place as a percentage of kills in entire the game.
 B = Kills by you in this place as a percentage of kills by you in the entire game.
 C = Kills by friends in this place as a percentage of kills by friends in the entire game.
 D = Other kills in this place as a percentage of other kills in the entire game.
 E = Experience gained in this place as a percentage of experience gained in the entire game.
 F = Experience gained in this place divided by the number of levels of this place that you have seen.
                   A       B       C       D       E      F
               +-------+-------+-------+-------+-------+----------------------
         Total | 100.0 | 100.0 |   N/A |   N/A | 100.0 |  25.0
       Dungeon | 100.0 | 100.0 |   N/A |   N/A | 100.0 |  25.0
               +-------+-------+-------+-------+-------+----------------------
